AoeStats
← Oopsis

Fortress

507831118Analyzed
2v2 RM · 11d ago on Sep 19, 2026· 118m 51s· 4 players
Game mode
Random Map
Map size
Normal (6 player)
Population
200
Speed
Normal
Resources
Standard
Victory
Conquest
Starting age
Dark Age
Ending age
Imperial Age
RankedLock teamsTeams togetherTeam positionsShared explorationLock speedFull tech treeHidden civsTurbo modeCheats
Victory
Defeat
🇦🇷 Maya · Argentina
838
+17
🇳🇿 Franks · New Zealand
812
+17
🇷🇺 Mongols · Russia
850
-17
🇷🇺 Persians · Russia
850
-17
r.smith.jnr
0:55 Loom
8:54 Feudal Age
10:39 Wheelbarrow
9:53 Double-Bit Axe
10:49 Arson
10:47 Man-at-Arms
12:55 Gold Mining
15:55 Stone Mining
18:55 Castle Age
19:56 Hand Cart
19:53 Bow Saw
19:59 Husbandry
23:29 Gold Shaft Mining
25:06 Scale Mail Armor
25:17 Forging
25:31 Town Watch
27:11 Fletching
27:55 Ballistics
28:15 Padded Archer Armor
29:13 Coinage
29:23 Squires
29:11 Gambesons
30:35 Guard Tower
31:13 Chain Mail Armor
32:00 Fortified Wall
31:46 Murder Holes
32:02 Masonry
31:19 Pikeman
32:12 Scale Barding Armor
33:48 Iron Casting
33:34 Chain Barding Armor
33:54 Caravan
34:02 Long Swordsman
35:01 Leather Archer Armor
35:00 Bodkin Arrow
38:21 Imperial Age
37:26 #83
38:29 Cavalier
39:50 Plate Barding Armor
40:07 Plate Mail Armor
40:15 Hoardings
39:31 Arrowslits
40:47 Chemistry
40:19 Architecture
39:45 Two-Handed Swordsman
40:49 Conscription
41:06 Banking
40:11 Light Cavalry
41:21 Chivalry
41:24 Town Patrol
41:46 Siege Engineers
43:22 Paladin
45:42 Blast Furnace
45:03 Halberdier
48:32 Elite Throwing Axeman
49:38 Fervor
49:49 Sanctity
48:57 Champion
53:47 Devotion
54:13 Illumination
53:44 Herbal Medicine
54:25 Theocracy
54:11 Heresy
61:55 Capped Ram
108:52 Elite Skirmisher
[LOPDA] NEO
8:10 Feudal Age
12:41 Castle Age
10:40 Double-Bit Axe
10:58 Gold Mining
12:19 Loom
13:54 Fletching
15:46 Bow Saw
15:20 Horse Collar
16:35 Bodkin Arrow
18:55 Forging
28:18 Imperial Age
27:58 Squires
29:30 Conscription
29:22 Padded Archer Armor
30:22 Iron Casting
30:42 Eagle Warrior
34:06 Pikeman
35:32 Halberdier
40:30 Scale Mail Armor
41:49 Wheelbarrow
41:00 Town Watch
42:26 Ballistics
43:07 Chemistry
43:24 Elite Skirmisher
45:43 Two-Man Saw
44:59 Heavy Plow
46:08 Bracer
46:24 Leather Archer Armor
47:13 Chemistry
47:02 Thumb Ring
48:30 Crop Rotation
47:54 Stone Mining
48:39 Hul'che Javelineers
49:17 Ring Archer Armor
49:48 Blast Furnace
49:04 Chain Mail Armor
48:42 Elite Eagle Warrior
49:38 Murder Holes
50:49 Hand Cart
60:37 Town Patrol
60:30 Elite Plumed Archer
63:41 Plate Mail Armor
69:36 Holcans
68:58 Arson
k3n7 R8hero
7:45 Feudal Age
8:52 Horse Collar
9:00 Double-Bit Axe
14:09 Castle Age
14:03 Bloodlines
14:49 Light Cavalry
14:58 Elite Skirmisher
21:34 Kamandaran
21:46 Crossbowman
23:38 Pikeman
30:37 Imperial Age
30:09 Padded Archer Armor
30:00 Fletching
38:58 Thumb Ring
40:38 Halberdier
44:21 Cavalier
52:04 Heavy Scorpion
53:55 Caravan
57:41 Heavy Camel Rider
59:27 Citadels
67:26 Hussar
73:58 Ballistics
74:38 Chemistry
78:21 Man-at-Arms
79:22 Long Swordsman
85:49 Wheelbarrow
84:59 Town Watch
90:07 Savar
91:05 Loom
Oopsis
7:58 Feudal Age
8:47 Horse Collar
12:36 Loom
15:16 Castle Age
17:32 Double-Bit Axe
19:02 Bow Saw
20:30 Heavy Plow
24:03 Imperial Age
22:38 Wheelbarrow
22:42 Scale Barding Armor
22:48 Forging
22:29 Fletching
22:39 Padded Archer Armor
25:19 Hand Cart
29:39 Town Watch
30:55 Gold Mining
31:34 Ballistics
32:44 Elite Mangudai
33:57 Conscription
33:49 Husbandry
34:00 Bloodlines
34:42 Town Patrol
35:44 Thumb Ring
37:27 Parthian Tactics
38:07 Chemistry
37:17 Masonry
37:12 Siege Engineers
37:18 Careening
37:10 Squires
40:44 Gold Shaft Mining
40:00 Stone Mining
41:00 Chain Barding Armor
40:35 Bodkin Arrow
40:41 Padded Archer Armor
41:23 Iron Casting
42:07 Pikeman
42:46 Murder Holes
43:01 Fortified Wall
43:18 Drill
43:35 Hoardings
42:28 Elite Steppe Lancer
46:30 Caravan
55:15 Bracer
55:31 Leather Archer Armor
56:16 Blast Furnace
55:16 Scale Mail Armor
56:23 Light Cavalry
57:50 Elite Skirmisher
64:00 Chain Mail Armor
66:37 Heavy Camel Rider
68:50 Plate Mail Armor
70:08 Arson
75:28 Hussar
113:37 Man-at-Arms
Connection lost

Rejoining the realm…

Still unreachable

The connection could not be restored.

Session expired

The server has moved on; the page needs a fresh start.